General information
			
			
        
        - name: BNet
 
        - type: Ladder team game (AT/RT)
 
        - host: Battle.net
 
        - saver: nub-dub
 
        
map: UpperKingdom 
        - players: 6
 
        - length: 18:50
 
        - speed: Fast
 - version: 1.22 W3XP
 - replay type:  Public
 
» download(101 KB)
Players
        team 1 (winner) 
              
              
neco0122 (
purple | 73 APM | 1370 actions | 18:49)
              
 5 Far Seer 
 3 Feral Spirit
 2 Chain Lighting
 
                » actions 
                
                | Assign group hotkey | 37 |  | 
| Basic commands | 32 |  | 
| Build / train | 48 |  | 
| Enter build submenu | 20 |  | 
| Enter hero's abilities submenu | 5 |  | 
| Remove unit from queue | 2 |  | 
| Right click | 604 |  | 
| Select / deselect | 291 |  | 
| Select group hotkey | 301 |  | 
| Use ability | 30 |  | 
                1370 total
 » units 
                » upgrades
                
                | Melee Weapons | 2 |  | 
| Berserker Strength | 1 |  | 
| Armor | 1 |  | 
| Pulverize | 1 |  | 
                5 total
 » buildings
                
                | Altar of Storms | 1 |  | 
| Orc Burrow | 6 |  | 
| Barracks | 1 |  | 
| Voodoo Lounge | 1 |  | 
| Stronghold | 4 |  | 
| War Mill | 1 |  | 
| Fortress | 5 |  | 
| Watch Tower | 2 |  | 
| Tauren Totem | 2 |  | 
| Great Hall | 1 |  | 
                24 total
 » build order
                00:06 Altar of Storms
00:08 Orc Burrow
00:27 Barracks
01:37 Orc Burrow
02:29 Voodoo Lounge
02:41 Orc Burrow
03:24 Stronghold
03:24 Stronghold
03:25 Stronghold
04:12 War Mill
05:05 Orc Burrow
05:42 Orc Burrow
06:07 Fortress
06:07 Fortress
06:08 Fortress
06:08 Fortress
07:01 Orc Burrow
07:51 Watch Tower
08:57 Watch Tower
09:03 Tauren Totem
10:19 Tauren Totem
13:31 Great Hall
» items
                
                | Healing Salve | 1 |  | 
| Orb of Lightning | 1 |  | 
| Lesser Clarity Potion | 1 |  | 
                3 total
  
               
              
              
nub-dub (
green | 34 APM | 635 actions | 18:50)
              
 7 Demon Hunter 
 3 Mana Burn
 3 Immolation
 1 Metamorphosis
 
                » actions 
                
                | Assign group hotkey | 21 |  | 
| Basic commands | 3 |  | 
| Build / train | 62 |  | 
| ESC pressed | 2 |  | 
| Enter build submenu | 22 |  | 
| Enter hero's abilities submenu | 9 |  | 
| Right click | 223 |  | 
| Select / deselect | 209 |  | 
| Select group hotkey | 18 |  | 
| Use ability | 66 |  | 
                635 total
 » units 
                
                | Wisp | 18 |  | 
| Archer | 8 |  | 
| Hippogryph | 10 |  | 
| Chimaera | 8 |  | 
                44 total
 » upgrades
                
                | Strength of the Wild | 2 |  | 
| Strength of the Moon | 1 |  | 
| Reinforced Hides | 2 |  | 
| Hippogryph Taming | 1 |  | 
| Corrosive Breath | 1 |  | 
                7 total
 » buildings
                
                | Altar of Elders | 1 |  | 
| Moon Well | 12 |  | 
| Ancient of War | 1 |  | 
| Tree of Ages | 1 |  | 
| Hunter's Hall | 1 |  | 
| Ancient of Lore | 2 |  | 
| Ancient of Wind | 2 |  | 
| Tree of Eternity | 1 |  | 
| Tree of Life | 1 |  | 
| Chimaera Roost | 2 |  | 
                24 total
 » build order
                00:14 Altar of Elders
00:23 Moon Well
00:42 Ancient of War
01:59 Moon Well
02:03 Moon Well
02:19 Moon Well
02:36 Moon Well
02:41 Moon Well
03:55 Tree of Ages
04:33 Moon Well
04:45 Hunter's Hall
05:41 Moon Well
06:56 Ancient of Lore
06:59 Ancient of Lore
07:12 Ancient of Wind
07:15 Ancient of Wind
08:23 Tree of Eternity
09:32 Moon Well
10:45 Tree of Life
11:12 Chimaera Roost
11:15 Chimaera Roost
13:41 Moon Well
14:33 Moon Well
16:48 Moon Well
 
               
              
              
Hate_This_game (
teal | 100 APM | 1880 actions | 18:48)
              
 6 Dark Ranger 
 3 Black Arrow
 2 Silence
 1 Charm
 5 Naga Sea Witch 
 2 Forked Lightning
 3 Frost Arrows
 
                » actions 
                
                | Assign group hotkey | 34 |  | 
| Basic commands | 10 |  | 
| Build / train | 52 |  | 
| Enter build submenu | 18 |  | 
| Enter hero's abilities submenu | 11 |  | 
| Give item / drop item | 1 |  | 
| Right click | 811 |  | 
| Select / deselect | 263 |  | 
| Select group hotkey | 640 |  | 
| Use ability | 40 |  | 
                1880 total
 » units 
                
                | Acolyte | 7 |  | 
| Ghoul | 4 |  | 
| Crypt Fiend | 7 |  | 
| Obsidian Statue | 4 |  | 
| Frost Wyrm | 5 |  | 
                27 total
 » upgrades
                
                | Creature Attack | 3 |  | 
| Web | 1 |  | 
| Creature Carapace | 3 |  | 
| Destroyer Form | 1 |  | 
| Freezing Breath | 1 |  | 
                9 total
 » buildings
                
                | Crypt | 1 |  | 
| Graveyard | 1 |  | 
| Ziggurat | 9 |  | 
| Altar of Darkness | 1 |  | 
| Halls of the Dead | 1 |  | 
| Tomb of Relics | 1 |  | 
| Slaughterhouse | 1 |  | 
| Black Citadel | 1 |  | 
| Sacrificial Pit | 1 |  | 
| Boneyard | 2 |  | 
                19 total
 » build order
                00:34 Crypt
00:39 Graveyard
00:44 Ziggurat
01:00 Altar of Darkness
01:19 Ziggurat
03:16 Halls of the Dead
04:12 Ziggurat
04:17 Tomb of Relics
04:28 Ziggurat
05:46 Slaughterhouse
07:40 Black Citadel
09:20 Sacrificial Pit
10:11 Ziggurat
10:16 Ziggurat
10:22 Boneyard
10:27 Boneyard
14:54 Ziggurat
14:57 Ziggurat
15:15 Ziggurat
» items
                 
               team 2 (loser) 
              
              
» 
ou-ant (
yellow | 62 APM | 1140 actions | 18:28)
              
 5 Dark Ranger 
 3 Black Arrow
 2 Life Drain
 3 Priestess of the Moon 
 1 Scout
 2 Trueshot Aura
 
                » actions 
                
                | Assign group hotkey | 25 |  | 
| Basic commands | 3 |  | 
| Build / train | 88 |  | 
| Enter build submenu | 16 |  | 
| Enter hero's abilities submenu | 8 |  | 
| Right click | 500 |  | 
| Select / deselect | 283 |  | 
| Select group hotkey | 176 |  | 
| Use ability | 40 |  | 
                1140 total
 » units 
                
                | Wisp | 24 |  | 
| Archer | 6 |  | 
| Dryad | 12 |  | 
| Druid of the Talon | 9 |  | 
| Druid of the Claw | 12 |  | 
                63 total
 » upgrades
                
                | Strength of the Wild | 3 |  | 
| Reinforced Hides | 3 |  | 
| Abolish Magic | 1 |  | 
| Druid of the Talon Training | 2 |  | 
| Druid of the Claw Training | 3 |  | 
| Mark of the Claw | 1 |  | 
                13 total
 » buildings
                
                | Moon Well | 8 |  | 
| Ancient of War | 1 |  | 
| Altar of Elders | 1 |  | 
| Hunter's Hall | 1 |  | 
| Tree of Ages | 1 |  | 
| Tree of Life | 1 |  | 
| Ancient of Lore | 2 |  | 
| Tree of Eternity | 1 |  | 
| Ancient of Wind | 1 |  | 
                17 total
 » build order
                00:36 Moon Well
00:50 Ancient of War
01:06 Altar of Elders
01:33 Moon Well
02:59 Moon Well
04:07 Hunter's Hall
04:58 Tree of Ages
05:42 Moon Well
05:50 Tree of Life
06:02 Moon Well
07:11 Moon Well
07:42 Ancient of Lore
08:37 Tree of Eternity
11:03 Ancient of Wind
11:14 Moon Well
11:17 Moon Well
13:53 Ancient of Lore
 
               
              
              
Lazerface (
red | 31 APM | 591 actions | 18:48)
              
 5 Mountain King 
 2 Storm Bolt
 3 Bash
 3 Paladin 
 2 Holy Light
 1 Divine Shield
 
                » actions 
                
                | Assign group hotkey | 11 |  | 
| Basic commands | 35 |  | 
| Build / train | 67 |  | 
| Enter build submenu | 21 |  | 
| Enter hero's abilities submenu | 8 |  | 
| Right click | 134 |  | 
| Select / deselect | 161 |  | 
| Select group hotkey | 105 |  | 
| Use ability | 49 |  | 
                591 total
 » units 
                
                | Peasant | 15 |  | 
| Footman | 3 |  | 
| Rifleman | 9 |  | 
| Dragonhawk Rider | 3 |  | 
| Gryphon Rider | 2 |  | 
                32 total
 » upgrades
                
                | Gunpowder | 3 |  | 
| Armor | 3 |  | 
| Masonry | 3 |  | 
| Lumber Harvesting | 2 |  | 
| Long Rifles | 1 |  | 
| Cloud | 1 |  | 
| Storm Hammers | 1 |  | 
| Swords | 1 |  | 
                15 total
 » buildings
                
                | Altar of Kings | 1 |  | 
| Barracks | 2 |  | 
| Farm | 12 |  | 
| Lumber Mill | 1 |  | 
| Blacksmith | 1 |  | 
| Keep | 1 |  | 
| Arcane Vault | 1 |  | 
| Town Hall | 1 |  | 
| Castle | 1 |  | 
| Gryphon Aviary | 2 |  | 
| Guard Tower | 1 |  | 
                24 total
 » build order
                00:23 Altar of Kings
00:31 Barracks
00:40 Farm
00:56 Lumber Mill
01:22 Farm
02:01 Farm
02:38 Blacksmith
02:44 Farm
03:41 Barracks
04:09 Keep
04:50 Farm
05:57 Farm
06:39 Arcane Vault
07:57 Farm
08:11 Town Hall
08:41 Farm
09:03 Castle
13:11 Gryphon Aviary
13:15 Gryphon Aviary
14:03 Guard Tower
14:15 Farm
15:42 Farm
16:22 Farm
17:17 Farm
» items
                
                | Scroll of Regeneration | 1 |  | 
| Ivory Tower | 3 |  | 
| Orb of Fire | 2 |  | 
| Scroll of Town Portal | 1 |  | 
                7 total
  
               
              
              
» 
13igblackpeen (
blue | 24 APM | 432 actions | 18:20)
              
 2 Far Seer 
 1 Feral Spirit
 1 Chain Lighting
 
                » actions 
                
                | Assign group hotkey | 8 |  | 
| Build / train | 51 |  | 
| Enter build submenu | 19 |  | 
| Enter hero's abilities submenu | 2 |  | 
| Remove unit from queue | 1 |  | 
| Right click | 135 |  | 
| Select / deselect | 174 |  | 
| Select group hotkey | 14 |  | 
| Use ability | 28 |  | 
                432 total
 » units 
                
                | Peon | 10 |  | 
| Raider | 9 |  | 
| Tauren | 4 |  | 
| Wind Rider | 1 |  | 
| Troll Batrider | 7 |  | 
| Shaman | 3 |  | 
                34 total
 » upgrades
                
                | Armor | 2 |  | 
| Melee Weapons | 2 |  | 
| Pulverize | 1 |  | 
| Ensnare | 1 |  | 
| Shaman Training | 2 |  | 
| Ranged Weapons | 2 |  | 
| Liquid Fire | 1 |  | 
| Envenomed Spears | 1 |  | 
                12 total
 » buildings
                
                | Altar of Storms | 1 |  | 
| Orc Burrow | 7 |  | 
| War Mill | 1 |  | 
| Stronghold | 1 |  | 
| Watch Tower | 3 |  | 
| Fortress | 1 |  | 
| Beastiary | 2 |  | 
| Tauren Totem | 2 |  | 
| Spirit Lodge | 1 |  | 
| Voodoo Lounge | 1 |  | 
                20 total
 » build order
                00:21 Altar of Storms
00:36 Orc Burrow
01:28 War Mill
01:31 Orc Burrow
02:34 Stronghold
02:48 Orc Burrow
03:20 Watch Tower
03:48 Orc Burrow
04:25 Watch Tower
04:49 Watch Tower
04:59 Fortress
05:35 Beastiary
05:56 Orc Burrow
06:24 Beastiary
06:57 Orc Burrow
07:41 Tauren Totem
09:09 Orc Burrow
12:47 Spirit Lodge
13:11 Tauren Totem
13:46 Voodoo Lounge
 
                Chat log
          (00:17 / Allies) neco0122: hello
(00:24 / Allies) Hate_This_game: fiends stats then we'll see what we need
(00:29 / Allies) Hate_This_game: dr and naga for heros
(00:33 / Allies) nub-dub: arch/dry/
(00:53 / Allies) Hate_This_game: melee purple?
(00:57 / Allies) Hate_This_game: plz
(01:07 / Allies) neco0122: mellee?
(01:15 / Allies) Hate_This_game: plz get melee
(01:23 / Allies) neco0122: melee??
(01:27 / Allies) Hate_This_game: grunts tauren and shaman
(01:31 / Allies) neco0122: what that?
(01:41 / Allies) Hate_This_game: melee = grunts and tauren
(01:46 / Allies) neco0122: ok
(01:48 / Allies) neco0122: thaj
(01:50 / Allies) Hate_This_game: foot soldiers
(01:51 / Allies) neco0122: thx
(03:41 / Allies) Hate_This_game: green take
(03:50 / Allies) Hate_This_game: stop running from me i give
(04:01 / Allies) nub-dub: ty
(04:08 / Allies) Hate_This_game: np
(10:27 / Allies) nub-dub: gold purple?
(10:39 / Allies) nub-dub: purple i need some gold
(10:49 / Allies) neco0122: how much?
(10:54 / Allies) nub-dub: u have 1500+
(10:55 / Allies) nub-dub: share some
(11:05 / Allies) nub-dub: ty
(11:09 / Allies) neco0122: ok?
(11:31 / Allies) Hate_This_game: tp
(13:15 / Allies) nub-dub: ty
(13:25 / Allies) Hate_This_game: wood plz
(14:03 / Allies) nub-dub: gj purp
(14:05 / Allies) nub-dub: mor tauren
(14:21 / Allies) neco0122: i try
(15:00 / Allies) nub-dub: coming
(15:02 / Allies) nub-dub: to u guys
(16:17 / Allies) Hate_This_game: then we attack
(16:21 / Allies) nub-dub: kk
(16:35 / Allies) nub-dub: purp
(16:37 / Allies) nub-dub: get a few shams
(16:39 / Allies) nub-dub: with bloodlust
(16:47 / Allies) neco0122: ?
(17:12 / Allies) nub-dub: dryads
(17:14 / Allies) nub-dub: kill them
(17:15 / Allies) nub-dub: with tauren
(18:33 / Allies) neco0122: good game
(18:37 / Allies) nub-dub: nice work
(18:38 / Allies) nub-dub: guys